 Dungeon Crawl Stone Soup version bcrawl-1.40.3b (webtiles) character file.

Game seed: 1689395647979389283

164004 zoran the Shield-Bearer (level 5, -2/32 HPs)
             Began as a Vine Stalker Fighter on Dec 2, 2023.
             Slain by a sickly merfolk siren
             ... wielding a +0 spear
              (8 damage)
             ... in a sewer.
             The game lasted 00:08:32 (2096 turns).

zoran the Shield-Bearer (Vine Stalker Fighter)      Turns: 2096, Time: 00:08:33

Health: -2/32      AC:  6    Str: 20    XL:     5   Next: 41%
Magic:  6/6        EV:  5    Int:  8    God:
Gold:   138        SH: 10    Dex: 13    Spells: 4/4 levels left

rFire    . . .     GDR:     28% m - +2 falchion (holy)
rCold    . . .     SeeInvis .   c - +0 medium shield
rNeg     . . .     Gourm    .   b - +0 scale mail
rPois    .         Faith    .   (no helmet)
rElec    .         Spirit   .   o - scarf {repulsion}
rCorr    .         Reflect  .   (no gloves)
MR       .....                  (no boots)
Stlth    +.........             (no amulet)
HPRegen  0.55/turn              (no ring)
MPRegen  0.10/turn              (no ring)

@: mesmerised, repel missiles, very slow
A: fangs 2, regeneration 1, evolution 1, no potion heal 3, rot immunity,
MP-powered wands, strong jaws
a: no special abilities


You were in a sewer.
You were not hungry.

You visited 1 branch of the dungeon, and saw 3 of its levels.
You also visited: Sewer.

You collected 138 gold pieces.

Inventory:

Hand Weapons
 m - a +2 falchion of holy wrath (weapon)
Armour
 b - a +0 scale mail (worn)
 c - a +0 medium shield (worn)
 d - a +0 helmet
 o - a scarf of repulsion (worn)
Scrolls
 h - a scroll of immolation
 l - 2 scrolls of remove curse
Comestibles
 e - a ration {!d}


   Skills:
 + Level 3.5 Fighting
 + Level 2.6 Long Blades
 - Level 3.0 Armour
 - Level 2.0 Stealth
 + Level 3.6 Shields


You had 4 spell levels left.
You didn't know any spells.
Your spell library was empty.

Dungeon Overview and Level Annotations

Branches:
Dungeon (3/12)

Altars:
Gozag
Vehumet

Annotations:
D:1 Terence
D:2 Sigmund


Innate Abilities, Weirdness & Mutations

You have extremely sharp teeth.
Your natural rate of healing is unusually fast.
Potions cannot restore your health.
You are immune to rotting.
Your bites deal extra damage.
You evolve.
You expend magic power (3 MP) to strengthen your wands.


Message History

The sickly merfolk siren chants its luring song.
The sickly merfolk siren chants its luring song.
The sickly merfolk siren chants its luring song.
You block the sickly merfolk siren's attack.
The sickly merfolk siren chants its luring song.
The sickly merfolk siren chants its luring song.
The sickly merfolk siren chants its luring song.
The sickly merfolk siren hits you from afar with a +0 spear!
The sickly merfolk siren hits you from afar with a +0 spear.
The sickly merfolk siren chants its luring song.
The sickly merfolk siren chants its luring song.
The sickly merfolk siren chants its luring song.
The sickly merfolk siren hits you from afar with a +0 spear!
The sickly merfolk siren chants its luring song.
The sickly merfolk siren chants its luring song.
The sickly merfolk siren hits you from afar with a +0 spear!
* * * LOW HITPOINT WARNING * * *
The sickly merfolk siren chants its luring song.
The sickly merfolk siren hits you from afar with a +0 spear!
You die...

##≈.## ###≈≈≈.###
#∩†≈≈≈≈...
##########
##########≈≈≈≈≈≈≈
#≈≈≈≈≈≈≈≈≈≈≈≈≈≈†.
###≈m≈#############
##≈###≈≈≈#.# #
≈≈≈≈≈≈≈@##.#
≈≈≈≈..÷.÷..#
≈≈...####### ≈...
..# #


You could see a sickly merfolk siren.

Vanquished Creatures
  Robin (D:2)
  2 adders
  3 river rats
  An ooze (D:1)
  6 worms
  A leopard gecko (Sewer)
  An orc (D:3)
  4 bats
  4 giant cockroaches
  14 goblins
  11 hobgoblins
  3 jackals (D:1)
  5 kobolds
  3 quokkas
  2 ball pythons (Sewer)
  2 frilled lizards
  18 rats
81 creatures vanquished.

Notes
Turn   | Place    | Note
-------+----------+-------------------------------------------
     0 | D:1      | zoran the Vine Stalker Fighter began the quest for the Orb.
     0 | D:1      | Reached XP level 1. HP: 13/13 MP: 2/2
    96 | D:1      | Reached XP level 2. HP: 17/18 MP: 3/3
   210 | D:1      | Reached XP level 3. HP: 18/23 MP: 4/4
   654 | D:1      | Reached skill level 1 in Stealth
   704 | D:2      | Noticed Robin
   709 | D:2      | Reached XP level 4. HP: 28/28 MP: 5/5
   714 | D:2      | Gained mutation: You occasionally shout uncontrollably at
                  | your foes. [potion of mutation]
   714 | D:2      | Gained mutation: You are partially covered in rugged brown
                  | scales. (AC +1, +3% HP) [potion of mutation]
   742 | D:2      | Killed Robin
   773 | D:2      | Found a radiant altar of Vehumet.
   899 | D:2      | Found an opulent altar of Gozag.
   913 | D:2      | Noticed Terence
  1422 | D:2      | Noticed Sigmund
  1621 | D:3      | Found a glowing drain.
  1627 | D:3      | Reached XP level 5. HP: 26/32 MP: 6/6
  1703 | Sewer    | Entered a sewer
  1811 | Sewer    | Lost mutation: You are partially covered in rugged brown
                  | scales. (AC +1, +3% HP) [potion of mutation]
  1811 | Sewer    | Lost mutation: You occasionally shout uncontrollably at
                  | your foes. [potion of mutation]
  1811 | Sewer    | Gained mutation: You are frail. (-10% HP) [potion of
                  | mutation]
  1811 | Sewer    | Gained mutation: You evolve. [potion of mutation]
  1812 | Sewer    | Lost mutation: You are frail. (-10% HP) [potion of
                  | mutation]
  1812 | Sewer    | Lost mutation: You evolve. [potion of mutation]
  1812 | Sewer    | Gained mutation: You evolve. [potion of mutation]
  1812 | Sewer    | Gained mutation: You expend magic power (3 MP) to
                  | strengthen your wands. [potion of mutation]
  2096 | Sewer    | Slain by a sickly merfolk siren

Skill      XL: |  1  2  3  4 |
---------------+-------------+-----
Long Blades    | 2 |  2.6
Fighting       | 3 |  3.5
Shields        | 3 |  3.6
Stealth        | 1 2 |  2.0
Armour         | 3 |  3.0

Action                   |  1- 3 |  4- 6 || total
-------------------------+-------+-------++-------
Melee: Long sword        |    77 |       ||    77
       Bite              |    10 |    10 ||    20
       Falchion          |    39 |   181 ||   220
  Use: Scroll            |       |     7 ||     7
       Potion            |       |     4 ||     4
  Eat: Chunk             |     3 |     6 ||     9
       Ration            |       |     2 ||     2
Armor: Scale mail        |    85 |    87 ||   172
Dodge: Dodged            |    24 |    50 ||    74
       Deflected         |       |     1 ||     1
Block: Medium shield     |    65 |   125 ||   190
